Unix NetHack Version 5.0.0-0 post-release - last build Jun 10 2026 00:39:30 (3ee93aec679c4c4259841fe613dc97188e26a321,branch:main).

Game began 2026-06-29 10:06:14, ended 2026-06-29 10:23:39.

Eymerich, chaotic male elven Priest

  ----------
  |........|
  |........-#
  |......<.|#
  ---|------#
     #      #
     #      @
     #      s
     #
     ###
       #
       #
       #
 ------.-
 |......-
 |.<....|
 |.......
 |......|
 --------

Eymerich the Acolyte         St:5 Dx:15 Co:14 In:8 Wi:20 Ch:9  Chaotic
Dlvl:7  $:56 HP:0(23) Pw:49(78) AC:7  Xp:4 T:911  Burdened

Latest messages:
 You consume the last bite of your meal.
 You finish eating the black naga hatchling corpse.
 Puffa misses the giant bat.
 Puffa misses the giant bat.
 Puffa bites the giant bat.
 The giant bat bites Puffa.
 You kill the giant bat!
 There is a doorway here.
 You see here a scroll labeled VERR YED HORRE.
 J - a scroll labeled VERR YED HORRE.
 You see here a stethoscope.
 K - a stethoscope.
 You sense the presence of monsters.
 (For instructions type a '?')
 You hear a jackal howling at the moon.
 Puffa falls into a pit!
 Puffa is killed!
 You descend the stairs.
 This door is locked.
 Unlock it with your lock pick? [ynq] (q)
 You succeed in picking the lock.
 You sense the presence of monsters.
 (For instructions type a '?')
 The door opens.
 The giant spider bites!
 The giant spider's bite was poisoned!
 Your movements are slowed slightly because of your load.
 You feel weaker!
 In what direction?
 You feel better.
 The giant spider bites!
 You miss the giant spider.
 The giant spider bites!
 The giant spider bites!
 The giant spider bites!
 In what direction?
 You feel better.
 The giant spider bites!
 You miss the giant spider.
 The giant spider bites!
 You miss the giant spider.
 The giant spider bites!
 The giant spider's bite was poisoned!
 Elf, your life force is running out.
 You die...
 Do you want your possessions identified? [ynq] (y)
 Do you want to see your attributes? [ynq] (y)
 Do you want an account of creatures vanquished? [ynaq] (y)
 Do you want to see your conduct and achievements? [ynq] (y)
 Do you want to see the dungeon overview? [ynq] (y)

Inventory:
 Coins    ('$')
  $ - 56 gold pieces
 Weapons  (')')
  z - 9 +0 arrows
  A - 39 cursed +0 arrows
  a - a blessed +1 mace (weapon in right hand)
 Armor    ('[')
  u - a +0 pair of low boots (being worn)
  b - a +0 robe (being worn)
 Comestibles  ('%')
  e - a clove of garlic
  l - 2 food rations
  f - 2 sprigs of wolfsbane
  D - a tripe ration
  B - a cursed rotten tin of gnome meat
  v - a lichen corpse
 Scrolls  ('?')
  J - a scroll of amnesia
  F - a scroll of gold detection
 Spellbooks  ('+')
  g - a spellbook of detect monsters
  G - a spellbook of fireball
  h - a spellbook of healing
  m - a spellbook of healing
 Potions  ('!')
  I - a potion of extra healing
  d - 4 potions of holy water
 Rings    ('=')
  H - a blessed +1 ring of gain constitution
  w - a blessed +2 ring of increase accuracy
  x - a ring of sustain ability
 Wands    ('/')
  j - a wand of light (0:13)
 Tools    ('(')
  i - a wooden flute
  E - a blindfold
  o - a cursed lock pick
  K - a stethoscope
 Gems/Stones  ('*')
  y - 2 worthless pieces of green glass
  C - 2 cursed worthless pieces of green glass
  k - a worthless piece of orange glass named soft
  p - a cursed worthless piece of white glass
  q - 8 rocks

Eymerich the Priest's attributes:

Background:
 You were an Acolyte, a level 4 elven Priest.
 You were chaotic, on a mission for Loki
 who was opposed by Tyr (lawful) and Odin (neutral).
 You were right-handed.
 You were in the Dungeons of Doom, on level 7.
 You entered the dungeon 911 turns ago.
 There was a full moon in effect when your adventure ended.
 You had 102 experience points, 58 more were needed to attain level 5.

Basics:
 You had 0 out of 23 hit points.
 You had 49 out of 78 energy points (spell power).
 Your armor class was 7.
 Your wallet contained 56 zorkmids.
 Autopickup was off.

Final Characteristics:
 Your strength was 5 (peak:9, limit:18).
 Your dexterity was 15 (limit:18).
 Your constitution was 14 (limit:16).
 Your intelligence was 8 (limit:20).
 Your wisdom was 20 (limit:20).
 Your charisma was 9 (limit:18).

Final Status:
 You weren't hungry.
 You were burdened; movement was slightly slowed.
 You were wielding a mace.
 You had basic skill with mace.

Final Attributes:
 You were devoutly aligned.
 You were sleep resistant.
 You were telepathic.
 You had infravision.
 You were guarded.
 Your spell casting was enhanced by wearing a robe.
 You were lucky.
 You are dead.

Miscellaneous:
 You didn't encounter any bones levels.
 Total elapsed playing time was 17 minutes and 23 seconds.

Major events:
 Turn
    1: Eymerich the chaotic elven Priest entered the dungeon
   66: entered the Gnomish Mines
  477: attained the rank of Acolyte (level 3)
  911: killed by a giant spider

Spells:
 Name                 Level Category     Fail Retention
 detect monsters        1   divination     0%  76%-100%
 healing                1   healing        0%  76%-100%

Skills:
 Fighting Skills
   bare handed combat [Unskilled]
 Weapon Skills
   club               [Unskilled]
   mace               [Basic]
   morning star       [Unskilled]
   flail              [Unskilled]
   hammer             [Unskilled]
   quarterstaff       [Unskilled]
   polearms           [Unskilled]
   spear              [Unskilled]
   trident            [Unskilled]
   lance              [Unskilled]
   bow                [Unskilled]
   sling              [Unskilled]
   crossbow           [Unskilled]
   dart               [Unskilled]
   shuriken           [Unskilled]
   boomerang          [Unskilled]
   unicorn horn       [Unskilled]
 Spellcasting Skills
   healing spells     [Unskilled]
   divination spells  [Unskilled]
   clerical spells    [Basic]

Voluntary challenges:
 Character rerolling was not enabled.
 You were an atheist.
 You were illiterate.
 You never genocided any monsters.
 You never polymorphed an object.
 You never changed form.
 You used no wishes.
Achievements:
 You entered the Gnomish Mines.
 You entered a shop.
 You attained the rank of Acolyte.

 The Dungeons of Doom: levels 1 to 7
    Level 1:
    Level 2:
       An armor shop, an altar, some fountains.
       Stairs down to The Gnomish Mines.
    Level 3:
       A fountain.
    Level 4:
    Level 5:
    Level 6:
    Level 7: <- You were here.
       Final resting place for
          you, killed by a giant spider.
 The Gnomish Mines:
    Level 3:


Vanquished creatures:
  a shrieker
  a black naga hatchling
  2 floating eyes
  a kitten
  a giant bat
 an orc zombie
  a werejackal
 an iguana
  a coyote
  a brown mold
  3 jackals
  2 goblins
  2 sewer rats
  a grid bug
  2 bats
  2 lichens
  a newt
24 creatures vanquished.

No species were genocided or became extinct.

Game over:
                       ----------
                      /          \
                     /    REST    \
                    /      IN      \
                   /     PEACE      \
                  /                  \
                  |     Eymerich     |
                  |      56 Au       |
                  |   killed by a    |
                  |   giant spider   |
                  |                  |
                  |                  |
                  |       2026       |
                 *|     *  *  *      | *
        _________)/\\_//(\/(/\)/\//\/|_)_______

Goodbye Eymerich the Priest...

You died in The Dungeons of Doom on dungeon level 7 with 769 points,
and 56 pieces of gold, after 911 moves.
You were level 4 with a maximum of 23 hit points when you died.

